 Dungeon Crawl Stone Soup version 0.31-a0-876-gfe8ebadbca (webtiles) character file.

Game seed: 9004828450523816238

367 kae the Insei (level 6, -7/50 HPs)
             Began as a Demigod Shapeshifter on Oct 13, 2023.
             Mangled by a gnoll
             ... wielding a +0 halberd
              (8 damage)
             ... on level 4 of the Dungeon.
             The game lasted 00:02:29 (3023 turns).

kae the Insei (Demigod Shapeshifter)                Turns: 3023, Time: 00:02:29

Health: -7/50      AC: 10    Str: 15    XL:     6   Next: 17%
Magic:  8/8        EV:  4    Int: 12    God:
Gold:   22         SH:  0    Dex: 21    Spells: 5/5 levels left

rFire   . .          .
                       - Unarmed
rCold   . . .        (no shield)
rNeg    . . .        e - +0 plate armour
rPois   .            (helmet currently unavailable)
rElec   .            (cloak currently unavailable)
rCorr   .            (gloves currently unavailable)
SInv    .            (boots currently unavailable)
Will    +....        (no amulet) Stlth
                     (no ring)
HPRegen 0.28/turn    (no ring)
MPRegen 0.11/turn

%: no passive effects
@: beast-form, enlightened, flying
A: beast (slay +2), high MP 1, forlorn, divine attributes
a: Begin Untransformation


You were on level 4 of the Dungeon.
You were a hulking beast.
You visited 1 branch of the dungeon, and saw 4 of its levels.

You collected 232 gold pieces.
You spent 210 gold pieces at shops.


Innate Abilities, Weirdness & Mutations

You are a hulking beast.
Your limbs bulge with bestial killing power. (Slay +2)
You have an increased reservoir of magic. (+10% MP)
You shall have no god before yourself.
Your divine heritage dramatically boosts your attributes as you level up.


   Skills:
 + Level 2.6 Fighting
 - Level 1.7 Dodging
 * Level 4.6 Unarmed Combat
 * Level 4.4 Shapeshifting


You had 5 spell levels left.
You didn't know any spells.
Your spell library contained the following spells:

 Spells                   Type           Power      Damage    Failure   Level
 Apportation              Tloc           0%         N/A       100%        1
 Blink                    Tloc           0%         N/A       100%        2
 Jinxbite                 Hex            0%         N/A       100%        2
 Dazzling Flash           Conj/Hex       0%         N/A       100%        3
 Volatile Blastmotes      Fire/Tloc      0%         2d10      100%        3
 Manifold Assault         Tloc           0%         N/A       100%        4
 Alistair's Intoxication  Tmut/Pois      0%         N/A       100%        5
 Starburst                Conj/Fire      0%         6d3       100%        6
 Maxwell's Capacitive Co  Air            0%         ∞         100%        8

Inventory:

Missiles
 f - 2 atropa-tipped darts
 g - 14 poisoned darts
 m - 25 stones
 r - a throwing net {=f!f}
Armour
 a - a +0 animal skin
 e - a +0 plate armour (worn)
   (You found it on level 1 of the Dungeon)
 k - a +0 pair of gloves
   (You found it on level 1 of the Dungeon)
 l - a +0 pair of boots
   (You found it on level 1 of the Dungeon)
Jewellery
 A - an amulet of the acrobat
   (You found it on level 1 of the Dungeon)
Talismans
 c - a beast talisman (active)
 d - a flux talisman
Scrolls
 o - a scroll of teleportation {@r4}
 s - a scroll of blinking {!r}
 t - a scroll of revelation
 u - a scroll of brand weapon {unknown}
Potions
 b - a potion of lignification {!q}
 h - a potion of haste {@q3}
 i - a potion of cancellation {unknown}
 j - a potion of brilliance {unknown}
 n - a potion of might
 p - a potion of degeneration {unknown}
 q - a potion of enlightenment

Dungeon Overview and Level Annotations

Branches:
Dungeon (4/15) Zot: 20990
 Temple: D:4-7

Shops:
D:4 !?(

Annotations:
D:2 Terence
D:3 2 transporters

...........^.#.....##
.....#####+###.......
..#...............
#.........).....
#......###'#####
#......##..)..##
#......##.......
#########...............
#.....gh)...............
#.......#...............
#......##......##)..####
#....).##......##...####
#......##............#..
#......##............+..
#........#.)..........#..
'........#............#..
#........#......#########


You could see a gnoll.


Message History

Unknown command.
An endoplasm is nearby!
An endoplasm is nearby!
An endoplasm is nearby!
An endoplasm is nearby!
The endoplasm freezes you.
You are frozen.
You punch the endoplasm!
You kill the endoplasm! 😕 HP[-3]
You take 3 damage, and now have 47/50 hp.
A gnoll comes into view. It is wielding a +0 halberd.
The gnoll shouts!
A ball python comes into view.
There is an open door here. 😎 HP[+3]
Your hp is fully restored (50). 3 gnolls come into view.
The gnoll shouts! x3; The ball python hisses angrily.
The gnoll barely misses you.
There are monsters nearby!
You hit the gnoll. The gnoll completely misses you.
You hit the gnoll. The gnoll hits you but does no damage.
The gnoll barely misses you.
There are monsters nearby!
You hit the gnoll.
You kill the gnoll!
The ball python bites you but does no damage.
The ball python grabs you. The ball python constricts you.
The gnoll completely misses you. The gnoll hits you but does no damage.
You hit the ball python.
You kill the ball python!
The gnoll hits you with a +0 halberd! The gnoll barely misses you.
The gnoll hits you with a +0 flail. 😮 HP[-13]
You take 13 damage, and now have 37/50 hp.
MASSIVE DAMAGE!! (PAUSE)
The gnoll hits you from afar with a +0 halberd.
The gnoll attacks as it pursues you! The gnoll barely misses you. 😮 HP[-3]
You take 3 damage, and now have 34/50 hp.
The gnoll attacks as it pursues you! The gnoll hits you but does no damage.
The gnoll attacks as it pursues you! The gnoll hits you but does no damage.
There is an open door here.
The gnoll attacks as it pursues you!
The gnoll hits you with a +0 flail. 😮 HP[-3]
You take 3 damage, and now have 31/50 hp.
You punch the gnoll!
The gnoll hits you from afar with a +0 halberd.
The gnoll hits you but does no damage. 😮 HP[-5]
You take 5 damage, and now have 26/50 hp.
You punch the gnoll!
You kill the gnoll!
The gnoll hits you from afar with a +0 halberd.
* * * LOW HITPOINT WARNING * * *
😨 HP[-6]
You take 6 damage, and now have 20/50 hp.
Unknown command.
The gnoll hits you with a +0 halberd.
* * * LOW HITPOINT WARNING * * *
The gnoll hits you from afar with a +0 halberd.
* * * LOW HITPOINT WARNING * * *
There is an open door, spattered with blood here.
Things that are here:
a +0 flail; a gnoll corpse; 😨 HP[-3]
You take 3 damage, and now have 17/50 hp.
You punch the gnoll! The gnoll hits you with a +0 halberd.
* * * LOW HITPOINT WARNING * * *
The gnoll barely misses you. 😱 HP[-5]
You take 5 damage, and now have 12/50 hp.
You hit the gnoll.
The gnoll hits you but does no damage. 😨 HP[+1] Unknown command.
You hit the gnoll.
The gnoll hits you from afar with a +0 halberd.
* * * LOW HITPOINT WARNING * * *
The gnoll barely misses you. 😱 HP[-1]
You take 1 damage, and now have 12/50 hp.
You hit the gnoll but do no damage. The gnoll barely misses you.
Unknown command.
You hit the gnoll.
You kill the gnoll!
The gnoll hits you but does no damage.
Okay, then.
The gnoll hits you with a +0 halberd!
* * * LOW HITPOINT WARNING * * *
You see here a +0 halberd. 😱 HP[-11]
You take 11 damage, and now have 1/50 hp.
MASSIVE DAMAGE!! (PAUSE)
You hit the gnoll but do no damage. The gnoll barely misses you.
Unknown command.
It was a potion of enlightenment.
You feel very buoyant.
You fly up into the air.
The gnoll hits you with a +0 halberd!
You die...

Skill      XL: |  1  2  3 |
---------------+----------+-----
Fighting       | 1 2 |  2.6
Unarmed Combat | 3 4 |  4.6
Shapeshifting  | 3 4 |  4.4
Dodging        | |  1.7

Action                     |  1- 3 |  4- 6 || total
---------------------------+-------+-------++-------
  Melee: Unarmed           |   130 |    94 ||   224
         Punch             |     1 |     2 ||     3
    Use: Scroll            |     3 |     2 ||     5
         Potion            |     1 |     1 ||     2
 Armour: Animal skin       |     7 |       ||     7
         Plate armour      |   109 |   126 ||   235
  Dodge: Dodged            |    18 |    28 ||    46

Levels and vault maps discovered:
D:1:      grunt_arrival_crossed_arrows, layout_loops_ring
D:2:      layout_basic, wander_ebering_terrifying_dragon_lair, uniq_terence
D:3:      gammafunk_steamed_eel, layout_loops_ring, basic_ecumenical_altar,
          uniq_grinder
D:4:      layout_gridville, serial_shops, nicolae_shop_tiny_statue_garden, shop,
          nicolae_shop_hallway_plus, nicolae_shop_peninsula,
          nicolae_shop_window_shopping, small_statue_alley_b, uniq_natasha

Notes
Turn   | Place    | Note
-------+----------+-------------------------------------------
     0 | D:1      | kae the Demigod Shapeshifter began the quest for the Orb.
     0 | D:1      | Reached XP level 1. HP: 15/15 MP: 3/3
     0 | D:1      | magus.rc [v1.11.3]
    51 | D:1      | Reached skill level 1 in Fighting
   166 | D:1      | Reached XP level 2. HP: 23/23 MP: 4/4
   210 | D:1      | Reached skill level 3 in Unarmed Combat
   243 | D:1      | Reached skill level 3 in Shapeshifting
   538 | D:1      | You pick up a book of Party Tricks and begin reading...
   538 | D:1      | You add the spells Apportation, Jinxbite and Alistair's
                  | Intoxication to your library.
   811 | D:2      | Noticed Terence
   892 | D:2      | Reached XP level 3. HP: 27/28 MP: 5/5
  1255 | D:2      | You add the spells Blink and Manifold Assault to your
                  | library.
  1279 | D:2      | Found the +6 shillelagh "Devastator" {shatter}
  1357 | D:3      | Found a transporter.
  1402 | D:3      | Found a transporter.
  1477 | D:3      | Noticed Grinder
  1485 | D:3      | Paralysed by Grinder for 3 turns
  1496 | D:3      | Killed Grinder
  1497 | D:3      | Reached skill level 2 in Fighting
  1497 | D:3      | Reached skill level 4 in Unarmed Combat
  1497 | D:3      | Reached skill level 4 in Shapeshifting
  1497 | D:3      | Reached XP level 4. HP: 12/37 MP: 6/6
  1497 | D:3      | Reached XP level 5. HP: 13/42 MP: 7/7
  1895 | D:3      | You pick up a book of Spectacle and begin reading...
  1895 | D:3      | You add the spells Volatile Blastmotes, Dazzling Flash,
                  | Starburst and Maxwell's Capacitive Coupling to your
                  | library.
  1925 | D:3      | HP: 8/42 [gnoll/+0 spear (8)]
  2519 | D:4      | Found Ilianuf's Antique Weapon Emporium.
  2544 | D:4      | Reached XP level 6. HP: 48/50 MP: 8/8
  2812 | D:4      | Found Xoapeiqe's Magic Scroll Shop.
  2817 | D:4      | Bought a scroll of blinking for 105 gold pieces
  2817 | D:4      | Bought a scroll of revelation for 105 gold pieces
  2950 | D:4      | Found Maphaph's Distillery.
  3016 | D:4      | HP: 12/50 [gnoll/+0 halberd (5)]
  3021 | D:4      | HP: 1/50 [gnoll/+0 halberd (12)]
  3023 | D:4      | Mangled by a gnoll

Vanquished Creatures
  Grinder (D:3)
  2 adders
  8 gnolls
  2 dart slugs
  6 orcs (D:4)
  5 ball pythons
  5 bats
  6 endoplasms
  3 giant cockroaches
  4 goblins
  7 hobgoblins
  3 jackals (D:1)
  6 kobolds
  3 quokkas
  5 frilled lizards
  2 rats
68 creatures vanquished.

Table legend:
 A = Non-vault XP
 B = Vault XP
 C = Vault XP percentage of total XP
 D = Non-vault monster count
 E = Vault monster count
 F = Vault count percentage of total count
                 A         B        C        D         E       F
            +---------+---------+-------+---------+---------+-------
      Total |     243 |     282 |  53.7 |      66 |       2 |   2.9
            +---------+---------+-------+---------+---------+-------
        D:1 |      46 |       0 |   0.0 |      19 |       0 |   0.0
        D:2 |      50 |       1 |   2.0 |      15 |       1 |   6.2
        D:3 |      69 |     281 |  80.3 |      14 |       1 |   6.7
        D:4 |      78 |       0 |   0.0 |      18 |       0 |   0.0
            +---------+---------+-------+---------+---------+-------

Skill      XL: |  1  2  3 |
---------------+----------+-----
Fighting       | 1 2 |  2.6
Unarmed Combat | 3 4 |  4.6
Shapeshifting  | 3 4 |  4.4
Dodging        | |  1.7

Action                     |  1- 3 |  4- 6 || total
---------------------------+-------+-------++-------
  Melee: Unarmed           |   130 |    94 ||   224
         Punch             |     1 |     2 ||     3
    Use: Scroll            |     3 |     2 ||     5
         Potion            |     1 |     1 ||     2
 Armour: Animal skin       |     7 |       ||     7
         Plate armour      |   109 |   126 ||   235
  Dodge: Dodged            |    18 |    28 ||    46

Illustrated notes

Table legend:
 A = Kills in this place as a percentage of kills in the entire game.
 B = Kills by you in this place as a percentage of kills by you in the entire game.
 C = Kills by friends in this place as a percentage of kills by friends in the entire game.
 D = Other kills in this place as a percentage of other kills in the entire game.
 E = Experience gained in this place as a percentage of experience gained in the entire game.
 F = Experience gained in this place divided by the number of levels of this place that you have seen.
                   A       B       C       D       E      F
               +-------+-------+-------+-------+-------+----------------------
         Total | 100.0 | 100.0 |   N/A |   N/A | 100.0 | 131.2
       Dungeon | 100.0 | 100.0 |   N/A |   N/A | 100.0 | 131.2
               +-------+-------+-------+-------+-------+----------------------

Table legend: (Time is in decaauts)
 A = Elapsed time spent in this place.
 B = Non-inter-level travel time spent in this place.
 C = Inter-level travel time spent in this place.
 D = Time resting spent in this place.
 E = Time spent auto-exploring this place.
 F = Levels seen in this place.
 G = Mean time per level.
                   A        B        C        D        E       F      G
               +--------+--------+--------+--------+--------+-----+--------+
         Total |   3008 |   2823 |    185 |    280 |   2060 |   4 |  752.0 |
       Dungeon |   3008 |   2823 |    185 |    280 |   2060 |   4 |  752.0 |
               +--------+--------+--------+--------+--------+-----+--------+

Top non-repeatable levels by time:
     D:3: 1002 daAuts
     D:1: 861 daAuts
     D:2: 631 daAuts
     D:4: 513 daAuts
